 Dungeon Crawl Stone Soup version 0.26-a0-812-g31a745ddcd (webtiles) character file.

Game seed: 16711411436991283205

5393 Lanoc the Geomancer (level 10, 0/63 HPs)
             Began as a Formicid Earth Elementalist on Dec 6, 2020.
             Was a Priest of Sif Muna.
             Slain by a troll (3 damage)
             ... on level 14 of the Dungeon.
             The game lasted 00:19:42 (10265 turns).

Lanoc the Geomancer (Formicid Earth Elementalist)  Turns: 10265, Time: 00:19:43

Health: 0/63       AC:  3    Str: 12    XL:     10   Next: 98%
Magic:  8/25       EV: 19    Int: 19    God:    Sif Muna [***...]
Gold:   345        SH:  4    Dex: 11    Spells: 3/13 levels left

rFire    . . .     SeeInvis +   p - +7 hand axe of Dyjet {vorpal, rC+}
rCold    + . .     Faith    .   f - +0 buckler
rNeg     . . .     Spirit   .   c - +0 robe
rPois    .         Reflect  .   (helmet unavailable)
rElec    .         Harm     .   (no cloak)
rCorr    .         Rampage  .   w - +0 pair of gloves
MR       +....                  (no boots)
Stlth    ++........             (no amulet)
HPRegen  0.20/turn              E - ring of magical power
MPRegen  0.19/turn              x - +4 ring of evasion

@: marked
A: permanent stasis, dig shafts and tunnels, four strong arms, antennae 3
a: Dig, Shaft Self, Channel Magic, Forget Spell, Renounce Religion


You were on level 14 of the Dungeon.
You worshipped Sif Muna.
Sif Muna was most pleased with you.
You visited 2 branches of the dungeon, and saw 12 of its levels.

You collected 345 gold pieces.

Inventory:

Hand Weapons
 p - the +7 hand axe of Dyjet (weapon) {vorpal, rC+}
   (You found it on level 4 of the Dungeon)

   It inflicts extra damage upon your enemies.
   It protects you from cold.
Missiles
 b - 179 stones (quivered)
 u - a throwing net
 y - 5 curare-tipped darts
Armour
 c - a +0 robe (worn)
 f - a +0 buckler (worn)
 w - a +0 pair of gloves (worn)
Jewellery
 e - an uncursed ring of wizardry
 x - a +4 ring of evasion (right hand)
 E - a ring of magical power (left hand)
Wands
 m - a wand of iceblast (3)
 r - a wand of polymorph (15)
 s - a wand of flame (24)
 D - a wand of acid (8)
Scrolls
 a - 3 scrolls of enchant weapon {unknown}
 d - 3 scrolls of fog {unknown}
 g - a scroll of random uselessness
 j - 6 scrolls of remove curse
 n - 4 scrolls of identify
 o - 2 scrolls of enchant armour
 q - 3 scrolls of magic mapping
 t - a scroll of fear {unknown}
 v - 2 scrolls of blinking {unknown}
 B - a scroll of brand weapon {unknown}
Potions
 h - 2 potions of curing
 k - a potion of cancellation
 l - 4 potions of attraction
 z - a potion of lignification


   Skills:
 + Level 7.4 Dodging
 - Level 2.4 Stealth
 - Level 2.4 Shields
 - Level 2.1 Spellcasting
 - Level 1.1 Transmutations
 * Level 13.3 Earth Magic
 + Level 8.4 Invocations


You had 3 spell levels left.
You knew the following spells:

 Your Spells              Type           Power        Failure   Level
a - Sandblast             Erth           ######       1%          1
c - Lee's Rapid Deconstr  Erth           ######....   1%          5
d - Petrify               Tmut/Erth      ####....     9%          4

Your spell library contained the following spells:

 Spells                   Type           Power        Failure   Level
 Passwall                 Tmut/Erth      ####....     1%          2
 Stone Arrow              Conj/Erth      ####..       3%          3


Dungeon Overview and Level Annotations

Branches:
Dungeon (9/15)             Temple (1/1) D:6
   Lair: D:8-11         Orc: D:9-12

Altars:
Ashenzari
Cheibriados
Dithmenos
Elyvilon
Fedhas
Gozag
Kikubaaqudgha
Makhleb
Nemelex Xobeh
Okawaru
Qazlal
Sif Muna
Trog
Uskayaw
Vehumet
Wu Jian
Xom
Yredelemnul
Zin
The Shining One
Lugonu

Shops:
D:5 [

Annotations:
D:7 3 runed translucent doors, Fjolswid's ghost, novice MiFi; MoonlitKnight's ghost, novice HOMo


Innate Abilities, Weirdness & Mutations

You cannot be hasted, slowed, berserked, paralysed or teleported.
You can dig through walls and to a lower floor.
Your four strong arms can wield two-handed weapons with a shield.
You have a pair of large antennae on your head. (SInv)


Message History

As you read the scroll labelled AHUPERU POES, it crumbles to dust.
It is a scroll of amnesia.
Forget Passwall, freeing 2 spell levels for a total of 3?
Your memory of Passwall unravels.
The centaur warrior skeleton hits you.
* * * LOW HITPOINT WARNING * * *
A centaur warrior skeleton comes into view.
The boulder beetle completely misses you.
The boulder beetle stops rolling and uncurls.
An ogre comes into view. It is wielding a +0 giant club.
The troll completely misses you. The troll misses you.
The troll barely misses you.
A centaur comes into view.
As you read the scroll labelled EXUIR EFOBOGH, it crumbles to dust.
The dust glows shimmering bronze!
It was a scroll of random uselessness.
The centaur warrior skeleton completely misses you.
The boulder beetle misses you. The centaur warrior skeleton hits you.
* * * LOW HITPOINT WARNING * * *
You block the troll's attack. The troll closely misses you.
The troll claws you.
You die...

.#*#.###.............,**
..##.##.............#,,**
#....#..............##,,***
**#..#...............##*,,**
*#.......?..........##*,,** #
##..?................#***,*** #
#.....................****,,**
###.......Z...JZ........,* **,,**
.#............HT@<......** **,,,,
..........e...°B.......#****,,,,,
......................## *,,,,,,,
.............Y.......## *,,,,,,,
..........c.........## *,,*,,,,
...........Y.......## *,,,,,,,
..................## *,,*,,,*
$........O.......## *,,,,,,,
...#.....,,,,,,*** *,,*,,,*


You could see a boulder beetle, a manticore, a deep elf mage, 2 yaks, a troll,
an ogre, a centaur, a jelly and 2 centaur warrior skeletons.

Vanquished Creatures
  Harold (D:7)
  A two-headed ogre (D:8)
  5 yaks
  Menkaure (D:4)
  A water moccasin (D:8)
  A meliai simulacrum (D:14)
  A sky beast (D:8)
  2 orc warriors
  A necrophage (D:6)
  An ogre (D:8)
  A black bear (D:7)
  An ice beast (D:8)
  3 phantoms
  4 centaurs
  A big kobold (D:7)
  Blork the orc (D:5)
  6 bullfrogs
  A water moccasin skeleton (D:7)
  3 scorpions
  4 wights (D:6)
  3 howler monkeys
  3 hounds
  3 orc wizards
  4 orc priests
  A centaur skeleton (D:8)
  An iguana (D:7)
  8 worker ants
  Natasha (D:2)
  A hound zombie (D:6)
  A hound skeleton (D:8)
  4 gnolls
  8 adders
  A shadow imp (D:5)
  A white imp (D:5)
  3 adder zombies
  A worm (D:3)
  2 dart slugs
  8 leopard geckos
  29 orcs
  2 ball pythons
  6 bats
  4 giant cockroaches
  4 goblins
  5 hobgoblins
  15 jackals
  3 quokkas
  3 frilled lizards
  13 kobolds
  2 quokka skeletons
  8 rats
  A spectral orc (D:3)
189 creatures vanquished.

Vanquished Creatures (others)
  6 plants
  8 withered plants
14 creatures vanquished.

Grand Total: 203 creatures vanquished

Notes
Turn   | Place    | Note
-------+----------+-------------------------------------------
     0 | D:1      | Lanoc the Formicid Earth Elementalist began the quest for
                  | the Orb.
     0 | D:1      | Reached XP level 1. HP: 13/13 MP: 3/3
   328 | D:1      | Reached skill level 4 in Earth Magic
   394 | D:1      | Reached XP level 2. HP: 14/19 MP: 3/5
   678 | D:1      | Reached XP level 3. HP: 16/24 MP: 6/6
   681 | D:1      | Reached skill level 1 in Shields
  1611 | D:2      | Reached XP level 4. HP: 29/30 MP: 5/7
  1623 | D:2      | Reached skill level 5 in Earth Magic
  1970 | D:2      | Learned a level 2 spell: Passwall
  2104 | D:2      | Noticed Natasha
  2112 | D:2      | Killed Natasha
  2112 | D:2      | Reached XP level 5. HP: 17/35 MP: 2/8
  2319 | D:2      | Found a shimmering blue altar of Sif Muna.
  2356 | D:2      | Became a worshipper of Sif Muna the Loreminder
  2917 | D:3      | Found a basalt altar of Yredelemnul.
  3224 | D:3      | Reached skill level 6 in Earth Magic
  3523 | D:4      | Reached XP level 6. HP: 41/41 MP: 6/9
  3862 | D:4      | Got an ancient hand axe
  3862 | D:4      | Identified the +7 hand axe of Dyjet {vorpal, rC+} (You
                  | found it on level 4 of the Dungeon)
  3885 | D:4      | Found an ancient bone altar of Kikubaaqudgha.
  3922 | D:4      | Found a shadowy altar of Dithmenos.
  4024 | D:5      | Entered Level 5 of the Dungeon
  4201 | D:4      | Found a broken altar of Ashenzari.
  4251 | D:4      | Reached * piety under Sif Muna
  4441 | D:4      | Noticed Menkaure
  4448 | D:4      | Killed Menkaure
  4448 | D:4      | Reached skill level 7 in Earth Magic
  4448 | D:4      | Reached skill level 1 in Invocations
  4448 | D:4      | Reached XP level 7. HP: 25/46 MP: 5/10
  5607 | D:5      | Found Jiclait's Antique Armour Shoppe.
  5614 | D:5      | Learned a level 5 spell: Lee's Rapid Deconstruction
  5804 | D:5      | You fall into a shaft and drop 2 floors!
  5854 | D:7      | Reached skill level 8 in Earth Magic
  5858 | D:7      | Reached XP level 8. HP: 35/52 MP: 1/11
  6022 | D:7      | Found a runed translucent gate.
  6024 | D:7      | Found a runed translucent gate.
  6024 | D:7      | Found a runed translucent gate.
  6026 | D:7      | Noticed Fjolswid's ghost (novice MiFi)
  6026 | D:7      | Noticed MoonlitKnight's ghost (novice HOMo)
  6030 | D:7      | Noticed Harold
  6060 | D:7      | Killed Harold
  6060 | D:7      | Reached skill level 5 in Dodging
  6060 | D:7      | Reached skill level 10 in Earth Magic
  6060 | D:7      | Reached XP level 9. HP: 49/57 MP: 0/12
  6061 | D:7      | Reached ** piety under Sif Muna
  6070 | D:7      | Reached skill level 5 in Invocations
  6350 | D:6      | Found a staircase to the Ecumenical Temple.
  6362 | Temple   | Entered the Ecumenical Temple
  6575 | D:6      | Found a shimmering altar of Xom.
  6702 | D:6      | Found a shimmering altar of Xom.
  6727 | D:6      | Found a shimmering altar of Xom.
  6727 | D:6      | Found a shimmering altar of Xom.
  6753 | D:6      | Found an ornate altar of the Wu Jian Council.
  7293 | D:6      | Reached skill level 11 in Earth Magic
  7830 | D:5      | Found a burning altar of Makhleb.
  7852 | D:5      | Noticed Blork the orc
  7861 | D:5      | Killed Blork the orc
  7888 | D:5      | Found a shimmering blue altar of Sif Muna.
  8163 | D:6      | Learned a level 4 spell: Petrify
  8194 | D:7      | Found a radiant altar of Vehumet.
  8194 | D:7      | Found a hide-covered altar of Uskayaw.
  8194 | D:7      | Found a blossoming altar of Fedhas.
  8197 | D:7      | Reached XP level 10. HP: 63/63 MP: 12/14
  8709 | D:7      | Reached skill level 12 in Earth Magic
  8762 | D:7      | Found a sparkling altar of Nemelex Xobeh.
  9209 | D:8      | Noticed a two-headed ogre
  9214 | D:8      | Killed a two-headed ogre
  9348 | D:8      | Reached *** piety under Sif Muna
  9606 | D:8      | Found a stormy altar of Qazlal.
  9647 | D:8      | Reached skill level 13 in Earth Magic
 10226 | D:9      | You fall into a shaft and drop 3 floors!
 10232 | D:12     | You fall into a shaft and drop 2 floors!
 10232 | D:14     | Noticed a boulder beetle
 10241 | D:14     | Noticed a deep elf mage
 10255 | D:14     | Noticed a manticore
 10265 | D:14     | HP: 3/63 [centaur warrior skeleton (4)]
 10265 | D:14     | Slain by a troll

Illustrated notes

Levels and vault maps discovered:
D:1:      heliophobic_arrival_ceremonial_halls, layout_basic,
          minmay_misc_feat_hallway, supply_closet_lemuel, serial_bayou_lake_a
D:2:      layout_basic, nicolae_overflow_crystal_walls, uniq_natasha
D:3:      layout_basic, yredelemnul_forgotten_temple_becter
D:4:      layout_basic, lemuel_coloured_pillars_altar, lemuel_round_altar,
          kiku_gazebo_garden_becter, uniq_menkaure
D:5:      layout_basic, basic_altar, serial_shops, shop, tgw_sif
D:6:      layout_basic, lemuel_doored_altar, minmay_temple_entry_overgrown,
          xom_redecorated
D:7:      layout_basic, chequers_temple_overflow_statue_of_worship,
          marbit_many_paths, gammafunk_ghost_cemetery, uniq_harold
D:8:      layout_basic, nicolae_qazlal_style_of_elements
D:9:      layout_stronghold, kennysheep_mini, nicolae_ru_awakened_eye,
          minivault_7
D:12:     layout_long_grid, erik_orc_4
D:14:     layout_cave_pods, gauntlet_entry_generic, serial_park,
          serial_park_avenue1, serial_bayou_pond_c
Temple:   corrupted_temple

Skill      XL: |  1  2  3  4  5  6  7  8  9 10 |
---------------+-------------------------------+-----
Earth Magic    | 4 5 6 7 8 10 11 13 | 13.3
Dodging        | 2 3 4 5 6 7 |  7.4
Shields        | 1 2 |  2.4
Invocations    | 1 3 4 6 8 |  8.4
Stealth        | |  2.4
Spellcasting   | |  2.1
Transmutations | |  1.1

Action                   |  1- 3 |  4- 6 |  7- 9 | 10-12 || total
-------------------------+-------+-------+-------+-------++-------
Melee: Dagger            |    99 |       |       |       ||    99
       Unarmed           |     1 |       |       |       ||     1
       Whip              |       |    75 |       |       ||    75
       Hand axe          |       |    21 |   116 |    63 ||   200
 Cast: Sandblast         |    10 |    41 |    42 |    57 ||   150
       Lee's Rapid Decon |       |       |    10 |     3 ||    13
       Petrify           |       |       |       |     3 ||     3
 Abil: Shaft Self        |       |       |       |     2 ||     2
Evoke: Wand              |       |       |     2 |       ||     2
  Use: Scroll            |       |     7 |     2 |     3 ||    12
       Potion            |       |     1 |     2 |     3 ||     6
 Stab: Sleeping          |     4 |     2 |     3 |     1 ||    10
       Distracted        |       |       |       |     1 ||     1
Armor: Robe              |    34 |    18 |     9 |    12 ||    73
       Skin              |       |       |    10 |       ||    10
Dodge: Dodged            |    74 |    56 |    96 |   107 ||   333
Block: Buckler           |    14 |    22 |    30 |    24 ||    90

Table legend: (Time is in decaauts)
 A = Elapsed time spent in this place.
 B = Non-inter-level travel time spent in this place.
 C = Inter-level travel time spent in this place.
 D = Time resting spent in this place.
 E = Time spent auto-exploring this place.
 F = Levels seen in this place.
 G = Mean time per level.
                   A        B        C        D        E       F      G
               +--------+--------+--------+--------+--------+-----+--------+
         Total |  10395 |   9984 |    411 |    582 |   7815 |  12 |  866.2 |
       Dungeon |  10212 |   9812 |    400 |    582 |   7644 |  11 |  928.4 |
        Temple |    183 |    172 |     11 |      0 |    171 |   1 |  183.0 |
               +--------+--------+--------+--------+--------+-----+--------+

Top non-repeatable levels by time:
     D:7: 1568 daAuts
     D:5: 1439 daAuts
     D:1: 1422 daAuts
     D:6: 1373 daAuts
     D:4: 1230 daAuts
     D:2: 1186 daAuts
     D:8: 940 daAuts
     D:3: 913 daAuts
  Temple: 183 daAuts
     D:9: 98 daAuts
    D:14: 32 daAuts
    D:12: 5 daAuts
